 Dungeon Crawl Stone Soup version 0.25-a0-356-g7c9d860 (webtiles) character file.

Game seed: 15095630910445390931, levelgen mode: deterministic

263 MrTaco21 the Cudgeler (level 6, -1/37 HPs)
             Began as a Gargoyle Fighter on Jan 3, 2020.
             Killed by divine providence
             ... invoked by an orc priest
              (12 damage)
             ... on level 3 of the Dungeon.
             The game lasted 00:07:26 (2673 turns).

MrTaco21 the Cudgeler (Gargoyle Fighter)            Turns: 2673, Time: 00:07:27

Health: -1/37      AC: 11    Str: 21    XL:     6   Next: 19%
Magic:  6/6        EV:  7    Int:  9    God:
Gold:   206        SH:  9    Dex:  9    Spells: 5/5 levels left

rFire    + . .     SeeInvis .   a - +0 flail
rCold    . . .     Gourm    .   c - +0 shield
rNeg     + . .     Faith    .   b - +0 scale mail
rPois    ∞         Spirit   .   (no helmet)
rElec    +         Reflect  .   (no cloak)
rCorr    .         Harm     .   (no gloves)
MR       .....                  (no boots)
Stlth    ..........             (no amulet)
HPRegen  0.12/turn              i - ring of protection from fire
MPRegen  0.10/turn              (no ring)

@: no status effects
A: negative energy resistance 1, electricity resistance, unbreathing,
petrification resistance, rot immunity, AC +4
a: no special abilities


You were on level 3 of the Dungeon.
You were not hungry.

You visited 1 branch of the dungeon, and saw 4 of its levels.

You collected 206 gold pieces.

Inventory:

Hand Weapons
 a - a +0 flail (weapon)
Armour
 b - a +0 scale mail (worn)
 c - a +0 shield (worn)
Jewellery
 i - a ring of protection from fire (left hand)
   (You found it on level 2 of the Dungeon)
Scrolls
 f - 6 scrolls of identify {unknown}
 h - 2 scrolls of random uselessness {unknown}
 j - a scroll of fog {unknown}
 k - 2 scrolls of immolation {unknown}
 l - a scroll of enchant armour {unknown}
 m - 2 scrolls of magic mapping {unknown}
 o - 3 scrolls of remove curse {unknown}
 r - a scroll of enchant weapon {unknown}
Potions
 d - a potion of might
 g - 2 potions of flight {unknown}
 p - a potion of invisibility {unknown}
 q - 2 potions of berserk rage {unknown}
Comestibles
 e - 5 rations {!d}
 n - 6 chunks of flesh


   Skills:
 - Level 3.2 Fighting
 + Level 6.3 Maces & Flails
 - Level 3.2 Armour
 - Level 3.2 Shields


You had 5 spell levels left.
You didn't know any spells.
Your spell library contained the following spells:

 Spells                   Type           Power        Failure   Level  Hunger
 Beastly Appendage        Tmut           #.....       99%         1    ##.....
 Sticks to Snakes         Tmut           #.......     100%        2    ###....
 Spider Form              Tmut/Pois      #.........   100%        3    ####...
 Ice Form                 Ice/Tmut       #.......     100%        4    #####..
 Blade Hands              Tmut           #.........   100%        5    ######.


Dungeon Overview and Level Annotations

Branches:
Dungeon (4/15)
 Temple: D:4-7

Altars:
Ashenzari
Vehumet


Innate Abilities, Weirdness & Mutations

You are resistant to torment.
Your stone body is resilient. (AC +4)
You are immune to poison.
You resist negative energy. (rN+)
You are resistant to electric shocks. (rElec)
You can survive without breathing.
You are immune to petrification.
You are immune to rotting.


Message History

Done exploring.
Done exploring.
Done exploring.
Search for what [Enter for "."]?
There is a large open door here.
There is a large open door here.
Some of the chunks of flesh in your inventory have rotted away.
There is a stone staircase leading down here.
You climb downwards.
An orc and 2 orc priests come into view.
The orc priest shouts!
The orc shouts!
You hear a shout! x2
You hear an angry hiss.
Found an escape hatch in the floor.
There is a stone staircase leading up here.
A giant cockroach comes into view.
An iguana comes into view.
The orc priest calls down the wrath of Beogh upon you.
Beogh smites you!
You hear a shout!
An orc comes into view. It is wielding a +0 hand axe.
You hit the orc priest but do no damage.
You hear an angry hiss. 2 orcs come into view.
The orc shouts!
You hear an angry hiss.
You hear a shout! x2
An orc comes into view. It is wielding a +0 flail.
The orc hits you but does no damage.
The orc priest hits you but does no damage.
The orc barely misses you.
The orc priest hits you but does no damage.
There is a stone staircase leading up here.
The orc priest hits you with a +0 hand axe.
The orc priest miscasts a cantrip.
You climb upwards.
There is a stone staircase leading down here.
You completely miss the orc priest.
The orc priest hits you but does no damage.
You completely miss the orc priest.
The orc priest hits you but does no damage.
You block the orc priest's attack.
You completely miss the orc priest.
The orc priest hits you with a +0 hand axe.
You hit the orc priest but do no damage.
The orc priest calls down the wrath of Beogh upon you.
Beogh smites you!
* * * LOW HITPOINT WARNING * * *
You barely miss the orc priest.
The orc priest hits you but does no damage.
You hit the orc priest but do no damage.
The orc priest mumbles some strange prayers to Beogh against you.
Beogh smites you!
You die...

...# #...# #....................
...# ##### #....................
...## #....................
....#########....................
....#......................>.....
....#........#.......(...........
#####........+.........(.........
#........#..o................ ###
#........#..@................ ..#
#........#................... #.#
#..).....#................... #.#
#........#...._.............. #.#
#........#................... #.#
##########................... #.#
#.)................. ..#
##.#################
###############.#


You could see an orc priest.

Vanquished Creatures
  An ice beast (D:3)
  6 adders
  3 gnolls (D:2)
  2 oozes
  A dart slug (D:1)
  5 leopard geckos
  2 orcs (D:3)
  A ball python (D:2)
  2 giant cockroaches
  9 goblins
  9 hobgoblins
  8 kobolds
  A quokka (D:2)
  10 bats
  2 frilled lizards (D:2)
  11 rats
73 creatures vanquished.

Notes
Turn   | Place    | Note
-------+----------+-------------------------------------------
     0 | D:1      | MrTaco21 the Gargoyle Fighter began the quest for the Orb.
     0 | D:1      | Reached XP level 1. HP: 14/14 MP: 1/1
    85 | D:1      | Reached XP level 2. HP: 9/19 MP: 2/2
   435 | D:1      | Reached skill level 3 in Maces & Flails
   555 | D:1      | Reached XP level 3. HP: 23/23 MP: 3/3
   834 | D:2      | Reached skill level 4 in Maces & Flails
   836 | D:2      | Reached XP level 4. HP: 16/28 MP: 4/4
  1364 | D:2      | Found a faded altar of an unknown god.
  1525 | D:2      | Reached skill level 5 in Maces & Flails
  1525 | D:2      | Reached XP level 5. HP: 32/32 MP: 5/5
  1884 | D:3      | Noticed an ice beast
  1894 | D:3      | Killed an ice beast
  1894 | D:3      | Reached skill level 6 in Maces & Flails
  1894 | D:3      | Reached XP level 6. HP: 5/37 MP: 6/6
  2286 | D:3      | Found a radiant altar of Vehumet.
  2365 | D:3      | Found a shattered altar of Ashenzari.
  2673 | D:3      | Killed from afar by an orc priest

Levels and vault maps discovered:
D:1:      scummos_arrival_gate, layout_basic, serial_corexii_hall,
          chequers_hall_statues_wall_a, corexii_hall_statues_x
D:2:      layout_loops_ring, chequers_ecumenical_altar_simple,
          minmay_tetromino_l2
D:3:      layout_basic, cheibrodos_ashenzari_chains, overflow_temple_1_default
D:4:      layout_loops_ring, gammafunk_temple_overflow_wave,
          minmay_misc_feat_five, corexii_shack, hangedman_feature_mirror,
          uniq_grinder, uniq_blork_the_orc, uniq_ijyb

Skill      XL: |  1  2  3  4  5 |
---------------+----------------+-----
Maces & Flails | 3 4 5 6 |  6.3
Fighting       | |  3.2
Armour         | |  3.2
Shields        | |  3.2

Action                   |  1- 3 |  4- 6 || total
-------------------------+-------+-------++-------
Melee: Flail             |   108 |   222 ||   330
  Eat: Chunk             |       |     6 ||     6
Armor: Scale mail        |    92 |   109 ||   201
Dodge: Dodged            |    48 |    90 ||   138
Block: Shield            |    71 |   149 ||   220

Table legend:
 A = Non-vault XP
 B = Vault XP
 C = Vault XP percentage of total XP
 D = Non-vault monster count
 E = Vault monster count
 F = Vault count percentage of total count
                 A         B        C        D         E       F
            +---------+---------+-------+---------+---------+-------
      Total |     373 |       4 |   1.1 |      71 |       2 |   2.7
            +---------+---------+-------+---------+---------+-------
        D:1 |      54 |       0 |   0.0 |      26 |       0 |   0.0
        D:2 |     147 |       4 |   2.6 |      29 |       2 |   6.5
        D:3 |     172 |       0 |   0.0 |      16 |       0 |   0.0
            +---------+---------+-------+---------+---------+-------
